 Dungeon Sprint DCSS version 0.25.1-8-g42b30a86e7 (webtiles) character file.

Game seed: 14292498757673646406

1500 Groucho the Unseen (level 8, -11/37 (38) HPs)
             Began as a Felid Berserker on Dec 3, 2020.
             Was a Priest of Trog.
             Killed from afar by Gloorx Vloq (14 damage)
             ... with a poison arrow
             ... in the Dungeon (Sprint II: "The Violet Keep of Menkaure").
             The game lasted 00:07:32 (2183 turns).

Groucho the Unseen (Felid Berserker)                Turns: 2183, Time: 00:07:33

HP:   -11/37 (38)   AC:  2    Str: 13    XL:     8   Next: 52%
MP:   0/15          EV: 31    Int:  8    God:    Trog [***...]
Gold: 238           SH:  0    Dex: 19    Spells: 18/18 levels left
                                        Lives: 0   Deaths: 2

rFire    . . .     SeeInvis +     - Unarmed
rCold    . . .     Gourm    .   (shield unavailable)
rNeg     . . .     Faith    .   (armour unavailable)
rPois    .         Spirit   +   (helmet unavailable)
rElec    .         Reflect  .   (cloak unavailable)
rCorr    .         Harm     .   (gloves unavailable)
MR       +....     NoTele   +   (boots unavailable)
Stlth    +++.......             f - brooch of Shielding {Spirit SH+8}
HPRegen  0.12/turn              (no ring)
MPRegen  0.14/turn              (no ring)

@: confused, lethally poisoned (-11 -> -55), quick
A: very small, no armour, no weapons or thrown items, stealth, claws 1, fangs 3,
see invisible, carnivore, speed 1, frail 1, low mp 1, shaggy fur 2, slow
metabolism 1, sharp paws
a: Berserk, Trog's Hand, Renounce Religion


You were in the Dungeon.
You worshipped Trog.
Trog was most pleased with you.
You were not hungry.

You visited 1 branch You collected 1134 gold pieces.
You spent 896 gold pieces at shops.

Inventory:

Jewellery
 f - the brooch of Shielding (around neck) {Spirit SH+8}
   (You bought it in a shop in the Dungeon)

   [amulet of guardian spirit]

   It causes incoming damage to be split between your health and magic.
   It affects your SH (+8).
Scrolls
 g - a scroll of blinking
Potions
 c - 2 potions of flight
 d - a potion of haste
 e - 2 potions of magic
 h - a potion of heal wounds
Comestibles
 a - 2 rations


   Skills:
 + Level 10.5 Fighting
 + Level 13.2 Dodging
 + Level 16.7 Stealth
 + Level 10.5 Unarmed Combat
 + Level 5.5 Spellcasting


You had 18 spell levels left.
You didn't know any spells.
Your spell library was empty.

Dungeon Overview and Level Annotations

Branches:
Dungeon (1/1)

Altars:
Cheibriados
Dithmenos
Elyvilon
Fedhas
Gozag
Kikubaaqudgha
Makhleb
Nemelex Xobeh
Okawaru
Ru
Sif Muna
Trog
Uskayaw
Vehumet
Xom
Yredelemnul
Zin
Jiyva
Lugonu

Shops:
D (:([=[}}!%?:!:=%

Annotations:
D exclusion: oklob plant, Gloorx Vloq


Innate Abilities, Weirdness & Mutations

You cannot wear armour.
You are incapable of wielding weapons or throwing items.
Your paws allow you to move quietly. (Stealth)
You have sharp claws.
You have razor-sharp teeth.
You have supernaturally acute eyesight. (SInv)
You are carnivorous and can eat meat at any time.
You cover ground quickly.
You are covered in thick fur. (AC +2)
You have a slow metabolism.
Your sharp claws are effective at attacking unaware monsters.
You are frail. (-10% HP)
Your magical capacity is low. (-10% MP)


Message History

Gloorx Vloq gestures.
Unknown command.
You bump into the unnaturally hard rock wall.
You feel sick. Gloorx Vloq completely misses you. The Executioner hits you.
The Executioner completely misses you. x2; Gloorx Vloq completely misses you.
The golden eye blinks at you. You resist with almost no effort.
The Executioner barely misses you. The Executioner hits you!
The Executioner misses you.
You feel sick. The Executioner gestures at you. Pain shoots through your body!
Gloorx Vloq barely misses you. The greater mummy misses you.
The golden eye blinks!
The Executioner closely misses you. The Executioner hits you.
* * * LOW HITPOINT WARNING * * *
The Executioner hits you!
* * * LOW HITPOINT WARNING * * *
Gloorx Vloq gestures at you. The poison arrow hits you!
You are more poisoned.
You die...

▓▓▓▓▓▓▓ ▓°....+ ▓.○V..▓
+#### ▓.zM1.▓ ....## ▓@&.▓
▓ ○.... ▓▓1▓▓ .▓ 8°.° #++#
+.○G▓ ..▓ °○○ §.^###
#..○▓▓▓▓▓▓▓ .° .^..#
#.°○▓§≈§≈≈§ #+++## ^..#
##)○▓▓▓▓▓▓▓ †....# ..#
.#°:▓!$!%?! +##..# ####^#
.#):▓(=?(($
#.##.####..°°##8#)=▓!%)$($


You could see Gloorx Vloq, a greater mummy, a curse toe, a vampire knight, 2
Executioners and a golden eye.

Vanquished Creatures
  A yaktaur (D)
  3 polar bears (D)
  A hornet (D)
  3 hippogriffs (D)
  A vampire mosquito (D)
  4 neqoxecs (D)
  2 swamp drakes (D)
  A crocodile (D)
  4 worker ants (D)
  3 worms (D)
23 creatures vanquished.

Vanquished Creatures (collateral kills)
  A death drake (D)
  2 hippogriffs (D)
3 creatures vanquished.

Vanquished Creatures (others)
  Menkaure (D)
  A crocodile (D)
2 creatures vanquished.

Grand Total: 28 creatures vanquished

Notes
Turn   | Place    | Note
-------+----------+-------------------------------------------
     0 | D        | Groucho the Felid Berserker began the quest for the Orb.
     0 | D        | Reached XP level 1. HP: 10/10 MP: 2/2
     1 | D        | Noticed a hippogriff
     1 | D        | Noticed a hippogriff
     5 | D        | Noticed a neqoxec
     5 | D        | Noticed a neqoxec
     5 | D        | Noticed a neqoxec
     5 | D        | Noticed a neqoxec
     7 | D        | Gained mutation: Your magical capacity is low. (-10% MP) [a
                  | neqoxec]
    10 | D        | Noticed a quasit
    10 | D        | Killed a neqoxec
    10 | D        | Reached skill level 5 in Fighting
    10 | D        | Reached skill level 8 in Stealth
    10 | D        | Reached skill level 5 in Unarmed Combat
    10 | D        | Reached XP level 2. HP: 10/16 MP: 2/2
    10 | D        | Reached XP level 3. HP: 11/19 MP: 3/3
    10 | D        | Reached XP level 4. HP: 14/23 MP: 4/4
    14 | D        | Slain by a neqoxec
    15 | D        | Reached XP level 3. HP: -1/28 MP: 3/3
    16 | D        | Noticed a crocodile
    18 | D        | Noticed an ice statue
    23 | D        | Killed a crocodile
    23 | D        | Reached skill level 10 in Stealth
    23 | D        | Reached XP level 4. HP: 24/24 MP: 4/4
    38 | D        | Killed a hippogriff
    38 | D        | Reached ** piety under Trog
    38 | D        | Reached skill level 11 in Stealth
    38 | D        | Reached XP level 5. HP: 2/28 MP: 5/5
    38 | D        | Gained mutation: You are covered in thick fur. (AC +2)
                  | [Felid growth]
    38 | D        | Reached XP level 6. HP: 2/31 MP: 6/6
    53 | D        | Killed Menkaure
    75 | D        | Gained mutation: You are frail. (-10% HP) [a neqoxec]
    76 | D        | Killed a neqoxec
    76 | D        | Reached skill level 12 in Stealth
    82 | D        | Killed a neqoxec
    82 | D        | Reached skill level 10 in Dodging
    82 | D        | Reached skill level 13 in Stealth
    82 | D        | Reached XP level 7. HP: 32/32 MP: 7/7
    87 | D        | Killed a hippogriff
    87 | D        | Reached skill level 14 in Stealth
    92 | D        | Killed a neqoxec
    92 | D        | Reached *** piety under Trog
   112 | D        | Reached **** piety under Trog
   196 | D        | Found Urerr's Food Shop.
   196 | D        | Found Zairchesi's Distillery.
   196 | D        | Found Poro's Jewellery Boutique.
   196 | D        | Found Timmux's Book Shop.
   197 | D        | Found Hungut's Magic Scroll Shop.
   197 | D        | Found Nomo's Food Boutique.
   197 | D        | Found Vufewune's Distillery.
   197 | D        | Found Pijeam's Gadget Boutique.
   198 | D        | Found Ylataz's Antique Armour Boutique.
   198 | D        | Found Eschenoda's Jewellery Shop.
   199 | D        | Found Jimm's Book Shop.
   199 | D        | Found Latang's Gadget Boutique.
   200 | D        | Found Arucko Merr's Antique Armour Boutique.
   200 | D        | Found Mailitus's Antique Weapon Shop.
   200 | D        | Noticed an iron elemental
   200 | D        | Noticed an oklob plant
   209 | D        | Found Fuakhlume's Book Shoppe.
   209 | D        | Found Afaumet's Weapon Boutique.
   211 | D        | Noticed a great orb of eyes
   223 | D        | Bought the brooch of Shielding {Spirit SH+8} for 712 gold
                  | pieces
   223 | D        | Found the brooch of Shielding {Spirit SH+8}
   412 | D        | Bought a potion of flight for 42 gold pieces
   412 | D        | Bought a potion of heal wounds for 70 gold pieces
   414 | D        | Bought a potion of flight for 36 gold pieces
   414 | D        | Bought a potion of flight for 36 gold pieces
   437 | D        | Noticed a vampire mosquito
   445 | D        | Killed a vampire mosquito
   445 | D        | Reached skill level 15 in Stealth
   445 | D        | Reached skill level 1 in Spellcasting
   445 | D        | Reached XP level 8. HP: 36/36 MP: 7/9
   472 | D        | Found an iron altar of Okawaru.
   472 | D        | Found a radiant altar of Vehumet.
   472 | D        | Found a glowing silver altar of Zin.
   473 | D        | Found a sparkling altar of Nemelex Xobeh.
   473 | D        | Found a hide-covered altar of Uskayaw.
   474 | D        | Found an opulent altar of Gozag.
   474 | D        | Found a burning altar of Makhleb.
   474 | D        | Found a bloodstained altar of Trog.
   475 | D        | Found a blossoming altar of Fedhas.
   475 | D        | Found a corrupted altar of Lugonu.
   475 | D        | Found a basalt altar of Yredelemnul.
   475 | D        | Found a shimmering blue altar of Sif Muna.
   476 | D        | Found a white marble altar of Elyvilon.
   476 | D        | Found an ancient bone altar of Kikubaaqudgha.
   478 | D        | Found a shadowy altar of Dithmenos.
   478 | D        | Found a viscous altar of Jiyva.
   479 | D        | Found a snail-covered altar of Cheibriados.
   481 | D        | Noticed a yaktaur
   481 | D        | Noticed a hornet
   481 | D        | Noticed a polar bear
   482 | D        | Noticed a polar bear
   482 | D        | Noticed a polar bear
   483 | D        | Killed a polar bear
   483 | D        | Reached ***** piety under Trog
   497 | D        | Killed a polar bear
   517 | D        | Killed a polar bear
   526 | D        | Killed a hornet
   532 | D        | Killed a yaktaur
   532 | D        | Reached skill level 16 in Stealth
   532 | D        | Reached XP level 9. HP: 7/41 MP: 2/15
  1052 | D        | Noticed a death drake
  1058 | D        | Noticed a death drake
  1059 | D        | Found a shimmering altar of Xom.
  1059 | D        | Found a sacrificial altar of Ru.
  1066 | D        | Killed a death drake
  1066 | D        | Reached skill level 10 in Fighting
  1066 | D        | Reached skill level 10 in Unarmed Combat
  1370 | D        | Noticed a crystal guardian
  1432 | D        | Reached skill level 5 in Spellcasting
  2174 | D        | Succumbed to a death drake's dark miasma
  2175 | D        | Reached XP level 8. HP: -1/35 MP: 4/15
  2178 | D        | Noticed a curse toe
  2178 | D        | Noticed Gloorx Vloq
  2178 | D        | Noticed a greater mummy
  2179 | D        | Noticed a vampire knight
  2182 | D        | Noticed an Executioner
  2182 | D        | Noticed an Executioner
  2183 | D        | Killed from afar by Gloorx Vloq

Illustrated notes

Levels and vault maps discovered:
D:        the_violet_keep_of_menkaure [sprint2_stairs_cluster_1,
          sprint2_shoproom, sprint2_temple, sprint2_basic_supplies,
          sprint2_obstacle_7, sprint2_obstacle_1, sprint2_obstacle_2,
          sprint2_obstacle_4, sprint2_obstacle_5, sprint2_timed_cluster_1,
          sprint2_smallroom_cluster_1, sprint2_smallroom_final_cluster_1,
          sprint2_transparent_cluster_1, sprint2_second_timed_cluster_1,
          sprint2_sniper_area_1, sprint2_heavy_combat_area_1,
          sprint2_mutation_trap_area_1, sprint2_forest_area_1,
          sprint2_light_combat_area_1, sprint2_behind_water_1,
          sprint2_near_end_vault_1]

Skill      XL: |  1  2  3  4  5  6  7  8  9 |
---------------+----------------------------+-----
Fighting       | 5 6 7 8 9 10 | 10.5
Dodging        | 6 7 9 10 11 12 13 | 13.2
Stealth        | 8 10 11 13 15 16 | 16.7
Unarmed Combat | 5 6 7 8 9 10 | 10.5
Spellcasting   | 1 4 5 |  5.5

Action                   |  1- 3 |  4- 6 |  7- 9 || total
-------------------------+-------+-------+-------++-------
Melee: Unarmed           |     9 |    21 |   110 ||   140
       Bite              |     1 |     4 |    10 ||    15
       Punch             |       |     1 |     5 ||     6
Invok: Berserk           |       |     1 |     3 ||     4
       Trog's Hand       |       |     1 |     3 ||     4
       Brothers in Arms  |       |       |     4 ||     4
  Use: Potion            |     1 |     1 |     2 ||     4
 Stab: Sleeping          |       |       |     2 ||     2
  Eat: Chunk             |       |       |     9 ||     9
Armor: Skin              |       |     1 |     2 ||     3
Dodge: Dodged            |     4 |    22 |   174 ||   200
Block: Other             |       |       |    39 ||    39
